 Dungeon Crawl Stone Soup version 0.29-a0-982-gaed3a0c8d8 (webtiles) character file.

Game seed: 8541323055499726227

40209 jlumianski the Cleaver (level 13, -14/101 HPs)
             Began as a Demonspawn Fighter on Aug 1, 2022.
             Was the Champion of Wu Jian.
             Demolished by a stone giant (32 damage)
             ... on level 15 of the Dungeon.
             The game lasted 02:00:45 (17815 turns).

jlumianski the Cleaver (Demonspawn Fighter)        Turns: 17815, Time: 02:00:47

Health: -14/101    AC: 24    Str: 22    XL:     13   Next: 73%
Magic:  20/20      EV: 10    Int: 14    God:    Wu Jian [******]
Gold:   3023       SH:  9    Dex: 12    Spells: 20/21 levels left

rFire   . . .      SeeInvis +   V - +1 broad axe (protect)
rCold   . . .      Faith    .   d - +0 kite shield
rNeg    . . .      Spirit   .   r - +0 plate armour
rPois   .          Reflect  .   v - +1 hat {Stlth+}
rElec   .          Harm     .   (no cloak)
rCorr   .          Rampage  .   z - +1 pair of gloves
Will    .....                   (boots unavailable)
Stlth   ..........              n - amulet of regeneration
HPRegen 1.06/turn               C - ring of see invisible
MPRegen 0.17/turn               u - +4 ring of evasion

@: under a protective aura
A: hooves 3, powered by death 1, big brain 2, demonic magic 2
a: Renounce Religion, Wall Jump, Serpent's Lash, Heavenly Storm


You were on level 15 of the Dungeon.
You worshipped Wu Jian.
Wu Jian was exalted by your worship.
You visited 4 branches of the dungeon, and saw 20 of its levels.

You collected 3210 gold pieces.
You spent 187 gold pieces at shops.

Inventory:

Hand Weapons
 a - a +2 war axe of electrocution
 p - a +0 lajatang of pain
 y - a +4 flail of protection
 V - a +1 broad axe of protection (weapon)
Missiles
 l - 2 throwing nets
 q - 4 boomerangs of dispersal
 w - 20 boomerangs (quivered)
 H - 2 poisoned darts
 Q - 4 javelins
Armour
 d - a +0 kite shield (worn)
 r - a +0 plate armour (worn)
 v - a +1 hat of stealth (worn)
 z - a +1 pair of gloves (worn)
 X - the +1 ring mail of Xickisa Tepo {+Inv rPois rN++ Int-2}
   (You found it on level 13 of the Dungeon)

   Int:       It affects your intelligence (-2).
   rPois:     It protects you from poison.
   rN:        It greatly protects you from negative energy.
   +Inv:      It lets you turn invisible.
Jewellery
 k - a ring of resist corrosion
 n - an amulet of regeneration (around neck)
 t - a ring of ice
 u - a +4 ring of evasion (right hand)
 C - a ring of see invisible (left hand)
 T - a ring of wizardry
Wands
 f - a wand of light (10)
 j - a wand of paralysis (13)
 B - a wand of mindburst (9)
 G - a wand of roots (36)
 N - a wand of flame (24)
Scrolls
 b - a scroll of teleportation
 c - a scroll of immolation
 i - a scroll of fog
 s - 3 scrolls of poison
 K - 2 scrolls of fear
 O - a scroll of summoning
 U - 3 scrolls of identify
Potions
 e - 6 potions of curing
 g - 2 potions of ambrosia
 h - 4 potions of flight
 m - 2 potions of attraction
 o - 2 potions of brilliance
 I - 2 potions of might
 L - 2 potions of cancellation
 W - a potion of resistance
Miscellaneous
 P - a box of beasts (inert)


   Skills:
 + Level 9.3 Fighting
 + Level 11.7(11.8) Axes
 + Level 1.2(7.5) Maces & Flails
 + Level 1.1 Throwing
 + Level 9.1 Armour
 + Level 4.2 Dodging
 * Level 8.1 Stealth
 + Level 6.2 Shields
 * Level 4.7 Spellcasting
 * Level 5.1 Hexes
 * Level 9.0 Evocations


You had 20 spell levels left.
You knew the following spells:

 Your Spells              Type           Power      Damage    Failure   Level
a - Slow                  Hex            68%        N/A       63%         1

Your spell library contained the following spells:

 Spells                   Type           Power      Damage    Failure   Level
 Confusing Touch          Hex            17%        N/A       94%         3
 Ensorcelled Hibernation  Hex/Ice        20%        N/A       98%         2
 Sublimation of Blood     Necr           3%         N/A       100%        2
 Spider Form              Tmut/Pois      3%         N/A       100%        3
 Summon Guardian Golem    Hex/Summ       10%        N/A       100%        3
 Vampiric Draining        Necr           3%         2d6       100%        3
 Anguish                  Hex/Necr       5%         N/A       100%        4
 Petrify                  Tmut/Erth      3%         N/A       100%        4
 Irradiate                Conj/Tmut      1%         3d12      100%        5
 Metabolic Englaciation   Hex/Ice        5%         N/A       100%        5
 Statue Form              Tmut/Erth      2%         N/A       100%        6
 Orb of Destruction       Conj           1%         9d5       100%        7
 Spellforged Servitor     Conj/Summ      1%         N/A       100%        7


Dungeon Overview and Level Annotations

Branches:
Dungeon (15/15)            Temple (1/1) D:4            Lair (2/5) D:8
    Orc (2/2) D:11            Elf (0/3) Orc:2        Vaults (0/5) D:13
 Depths (0/4) D:15
  Swamp: Lair:2-3    Shoals: Lair:2-3     Snake: Lair:2-3    Spider: Lair:2-3

Altars:
Ashenzari
Cheibriados
Dithmenos
Fedhas
Gozag
Hepliaklqana
Kikubaaqudgha
Makhleb
Nemelex Xobeh
Okawaru
Qazlal
Ru
Sif Muna
Trog
Uskayaw
Vehumet
Wu Jian
Xom
Yredelemnul

Shops:
D:6 =   D:11 (   Orc:2 ([[*


Innate Abilities, Weirdness & Mutations

You have hooves in place of feet.
You regenerate a little health from kills.
You have an extremely huge brain. (Int +4)
Spells you cast may paralyse nearby enemies.


Message History

The efreet is almost dead.
You attack the stone giant from above.
You hit the stone giant.
You kick the stone giant, but do no damage.
The stone giant is heavily wounded.
The efreet hits you but does no damage. You block the stone giant's attack.
The stone giant barely misses you. You block the efreet's attack.
You hit the stone giant but do no damage.
The stone giant is heavily wounded.
You hit the efreet but do no damage. The efreet gestures at you.
The bolt of fire hits you!!
The stone giant hits you but does no damage.
You slash the stone giant!
The stone giant is heavily wounded.
You hit the efreet. The stone giant hits you!! The efreet closely misses you.
You slash the stone giant!
You kick the stone giant, but do no damage.
The stone giant is severely wounded.
You hit the efreet but do no damage. The stone giant hits you!
* * * LOW HITPOINT WARNING * * *
You block the efreet's attack.
You spin and attack the stone giant.
You slash the stone giant! Your kick misses the stone giant.
The stone giant is severely wounded.
You block the stone giant's attack.
You spin to attack the stone giant, but your attack speed is too slow for a blow to land.
You spin and attack the efreet.
You hit the efreet.
The efreet is almost dead.
The efreet hits you with a +0 scimitar of flaming!
* * * LOW HITPOINT WARNING * * *
The efreet burns you.
* * * LOW HITPOINT WARNING * * *
The stone giant hits you but does no damage.
Aiming: Wall Jump
Press: ? - help, Dir - move target You attack the stone giant from above.
You hit the stone giant.
You kick the stone giant, but do no damage.
The stone giant is severely wounded.
The stone giant closely misses you. The stone giant hits you!!
You die...

#....##....###'###.# .....
#.....'....#....#..# .....
#.....#....#....#..#......
#.....#....#....#..#......
#.....#....#....#.......§.
#..####....######.§≈≈≈§≈§§
####...........☼..≈§§≈#§§§
#...........CR§≈#§≈≈≈§
#...........○@○≈§§...≈§
#...........°○○≈§§....≈
##########....≈.§.§>..§
#.....≈.≈....§
#....≈§≈§§§§≈§
#....§≈#§§§§≈ ..##.§≈§§§#
... ##..§≈≈≈


You could see a stone giant and an efreet.

Vanquished Creatures
  Agnes (D:14)
  2 orc warlords (Orc:1)
  A vault guard (D:13)
  Fannar (Orc:1)
  A catoblepas (D:14)
  3 hydras
  2 boulder beetles (D:14)
  2 centaur warriors
  3 two-headed ogres
  3 tengu warriors
  Urug (D:11)
  2 orc high priests
  2 wizards (D:13)
  2 orc knights (Orc:1)
  A lindwurm (shapeshifter) (D:12)
  4 orc sorcerers
  2 deep elf pyromancers
  4 manticores
  4 cyclopes
  2 yaktaurs (D:13)
  A tengu conjurer (D:14)
  8 trolls
  7 slime creatures
  A centaur simulacrum (D:14)
  Sigmund (D:5)
  A shadow (D:11)
  2 wraiths (D:11)
  8 yaks
  3 vampires
  2 wyverns (D:10)
  20 humans (D:13)
  Eustachio (D:4)
  2 basilisks
  6 vampire mosquitoes
  Edmund (D:4)
  3 wargs
  An acid dragon (D:11)
  A water moccasin (D:6)
  38 orc warriors
  7 ogres
  A phantom (D:5)
  2 bullfrogs
  A necrophage (D:6)
  2 scorpions (D:7)
  2 gnoll sergeants (D:9)
  5 wights
  6 killer bees
  An electric eel (D:8)
  8 howler monkeys
  2 hounds (D:5)
  A jelly (D:6)
  A lava snake (D:7)
  4 gnoll boudas
  23 orc priests
  3 iron imps (D:9)
  Ijyb (D:4)
  4 iguanas
  31 orc wizards
  Robin (Temple)
  27 gnolls
  3 adders
  3 shadow imps
  3 worms
  2 dart slugs (D:2)
  124 orcs
  3 ball pythons
  6 endoplasms
  8 giant cockroaches
  8 hobgoblins
  3 jackals (D:3)
  5 quokkas
  4 bats
  2 frilled lizards (D:1)
  14 goblins
  4 kobolds
  3 rats
478 creatures vanquished.

Vanquished Creatures (collateral kills)
  A scorpion (D:5)
1 creature vanquished.

Vanquished Creatures (others)
  An orc wizard (Orc:1)
  2 plants
3 creatures vanquished.

Grand Total: 482 creatures vanquished

Notes
Turn   | Place    | Note
-------+----------+-------------------------------------------
     0 | D:1      | jlumianski the Demonspawn Fighter began the quest for the
                  | Orb.
     0 | D:1      | Reached XP level 1. HP: 18/18 MP: 1/1
   218 | D:1      | Gained mutation: You regenerate a little health from kills.
                  | [demonic ancestry]
   218 | D:1      | Reached XP level 2. HP: 24/24 MP: 2/2
   330 | D:1      | Reached skill level 2 in Axes
   476 | D:1      | Gained mutation: You have an unusually large brain. (Int
                  | +2) [demonic ancestry]
   476 | D:1      | Reached XP level 3. HP: 29/29 MP: 3/3
  1535 | D:2      | Gained mutation: You have large cloven feet. [demonic
                  | ancestry]
  1535 | D:2      | Reached XP level 4. HP: 35/35 MP: 4/4
  2144 | D:3      | Found a shimmering blue altar of Sif Muna.
  2174 | D:3      | Found a faded altar of an unknown god.
  2477 | D:5      | Entered Level 5 of the Dungeon
  2550 | D:4      | Noticed Eustachio
  2562 | D:4      | Killed Eustachio
  2563 | D:4      | Reached skill level 3 in Axes
  2563 | D:4      | Gained mutation: You have an extremely huge brain. (Int +4)
                  | [demonic ancestry]
  2563 | D:4      | Reached XP level 5. HP: 42/42 MP: 5/5
  2571 | D:4      | Identified the +0 pair of boots "Fidarch" {rN+++ Will- MP-9
                  | Int+8}
  2600 | D:5      | Reached skill level 1 in Dodging
  2646 | D:4      | Reached skill level 4 in Axes
  2646 | D:4      | Gained mutation: You have hoof-like feet. [demonic
                  | ancestry]
  2646 | D:4      | Reached XP level 6. HP: 48/48 MP: 6/6
  2744 | D:4      | Noticed Edmund
  2748 | D:4      | Killed Edmund
  2974 | D:4      | Noticed Ijyb
  2981 | D:4      | Killed Ijyb
  3018 | D:4      | Found a staircase to the Ecumenical Temple.
  3020 | D:4      | Noticed Robin
  3025 | Temple   | Entered the Ecumenical Temple
  3175 | Temple   | Killed Robin
  3302 | Temple   | Became a worshipper of the Wu Jian Council
  3576 | D:5      | Gained mutation: Spells you cast may paralyse adjacent
                  | enemies. [demonic ancestry]
  3576 | D:5      | Reached XP level 7. HP: 53/55 MP: 7/7
  3587 | D:5      | Found a bloodstained altar of Trog.
  3611 | D:5      | Reached skill level 5 in Axes
  4004 | D:5      | Reached * piety under Wu Jian
  4005 | D:5      | Reached skill level 1 in Evocations
  4052 | D:5      | Noticed Sigmund
  4057 | D:5      | Killed Sigmund
  4103 | D:5      | Reached XP level 8. HP: 61/61 MP: 8/8
  4280 | D:6      | Reached skill level 6 in Axes
  4372 | D:6      | Reached skill level 5 in Fighting
  4629 | D:6      | Reached skill level 1 in Stealth
  4695 | D:6      | Identified a scroll of acquirement
  4696 | D:6      | Acquired 701 gold pieces
  4930 | D:6      | Found Diemuin's Jewellery Emporium.
  5140 | D:7      | Reached skill level 5 in Armour
  5288 | D:7      | Reached ** piety under Wu Jian
  5301 | D:7      | Reached skill level 7 in Axes
  5375 | D:7      | Reached XP level 9. HP: 68/68 MP: 9/9
  5624 | D:8      | Found a staircase to the Lair.
  5951 | D:8      | Found a shimmering altar of Xom.
  5965 | D:8      | Found a stormy altar of Qazlal.
  6062 | D:8      | Found a sparkling altar of Nemelex Xobeh.
  6123 | D:8      | Found a blossoming altar of Fedhas.
  6677 | D:9      | Found a burning altar of Makhleb.
  6765 | D:9      | Identified the +1 leather armour "Ereanabb" {Rampage rF-
                  | Will+++}
  6772 | D:10     | Entered Level 10 of the Dungeon
  6833 | D:9      | Reached *** piety under Wu Jian
  6912 | D:10     | Noticed a troll
  6933 | D:9      | Killed a troll
  6934 | D:9      | Reached skill level 8 in Axes
  7580 | D:10     | Noticed a two-headed ogre
  7582 | D:10     | Noticed a troll
  7631 | D:9      | Killed a two-headed ogre
  7632 | D:9      | Reached skill level 5 in Evocations
  7632 | D:9      | Reached XP level 10. HP: 50/76 MP: 10/10
  8510 | D:11     | Noticed Urug
  8517 | D:11     | Paralysed by Urug for 4 turns
  8548 | D:11     | Killed Urug
  8549 | D:11     | Reached skill level 9 in Axes
  8969 | D:11     | Found a staircase to the Orcish Mines.
  9013 | D:11     | Found Nemoco's Weapon Boutique.
  9110 | D:11     | Gained mutation: You have hooves in place of feet. [demonic
                  | ancestry]
  9110 | D:11     | Reached XP level 11. HP: 76/84 MP: 11/11
  9767 | D:11     | Reached **** piety under Wu Jian
  9857 | D:12     | Reached skill level 5 in Stealth
  9990 | D:12     | Noticed a two-headed ogre
 10025 | D:12     | Killed a two-headed ogre
 10525 | D:13     | Noticed a centaur warrior
 10535 | D:13     | Killed a centaur warrior
 10588 | D:13     | Noticed a tengu warrior
 10604 | D:13     | Killed a tengu warrior
 10605 | D:13     | Reached skill level 10 in Axes
 10710 | D:13     | Reached skill level 5 in Shields
 10717 | D:13     | Identified the +1 ring mail of Xickisa Tepo {+Inv rPois
                  | rN++ Int-2}
 10730 | D:13     | Learned a level 1 spell: Slow
 10773 | D:13     | Noticed a wizard
 10780 | D:13     | Reached skill level 1 in Hexes
 10785 | D:13     | Reached skill level 1 in Spellcasting
 10785 | D:13     | Killed a wizard
 10796 | D:13     | Identified the +5 long sword of the Grim God {vorpal, rC+
                  | Will+ Str+2}
 10804 | D:13     | Found a gate to the Vaults.
 10804 | D:13     | Noticed a wizard
 10804 | D:13     | Noticed a vault guard
 10813 | D:13     | Killed a wizard
 10814 | D:13     | Gained mutation: Spells you cast may paralyse nearby
                  | enemies. [demonic ancestry]
 10814 | D:13     | Reached XP level 12. HP: 45/92 MP: 12/14
 10826 | D:13     | Killed a vault guard
 11004 | Lair:1   | Entered Level 1 of the Lair of Beasts
 11004 | Lair:1   | You fall into a shaft and drop 1 floor!
 11013 | Lair:2   | Noticed an eight-headed hydra
 11016 | Lair:2   | Found a radiant altar of Vehumet.
 11018 | Lair:1   | Noticed a four-headed hydra
 11078 | D:8      | Killed a four-headed hydra
 11252 | D:8      | Found a sacrificial altar of Ru.
 11252 | D:8      | Found a hazy altar of Hepliaklqana.
 11356 | D:8      | Reached ***** piety under Wu Jian
 11856 | D:13     | Noticed a tengu warrior
 11857 | D:13     | Noticed a tengu warrior
 11900 | D:12     | Killed a tengu warrior
 11963 | D:12     | Killed a tengu warrior
 12154 | D:14     | Noticed a six-headed hydra
 12182 | D:13     | Killed a six-headed hydra
 12455 | D:14     | Noticed a centaur warrior
 12468 | D:14     | Killed a centaur warrior
 12503 | D:15     | Entered Level 15 of the Dungeon
 12553 | D:14     | Noticed a boulder beetle
 12715 | Orc:1    | Entered Level 1 of the Orcish Mines
 12876 | Orc:2    | Entered Level 2 of the Orcish Mines
 12876 | Orc:2    | Found a staircase to the Elven Halls.
 12997 | Orc:1    | Noticed Fannar
 13137 | Orc:1    | Noticed a two-headed ogre
 13258 | Orc:2    | Killed a two-headed ogre
 13317 | Orc:1    | Reached skill level 11 in Axes
 13602 | Orc:2    | Noticed an orc high priest
 13603 | Orc:2    | Noticed an orc warlord
 13671 | Orc:1    | Killed an orc high priest
 13749 | Orc:2    | Found Nyuh's Armour Shop.
 13926 | Orc:1    | Killed an orc warlord
 14101 | Orc:2    | Found Soryot's Assorted Antiques.
 14116 | Orc:2    | Reached XP level 13. HP: 96/100 MP: 18/18
 14256 | Orc:2    | Noticed an orc warlord
 14992 | Orc:1    | Killed Fannar
 15148 | Orc:1    | Reached ****** piety under Wu Jian
 15635 | Orc:1    | Killed an orc warlord
 15636 | Orc:1    | Reached skill level 1 in Throwing
 15893 | Orc:2    | Found Amagulaol's Antique Weapon Boutique.
 15907 | Orc:2    | Found Tyunaed's Antique Armour Shop.
 15926 | Orc:2    | Bought a glowing chain mail for 187 gold pieces
 16643 | D:14     | Found an iron altar of Okawaru.
 17215 | D:14     | Reached skill level 5 in Hexes
 17412 | D:14     | Noticed Agnes
 17431 | D:14     | Killed Agnes
 17432 | D:14     | Reached skill level 1 in Maces & Flails
 17794 | D:15     | Found a staircase to the Depths.
 17795 | D:15     | Noticed a stone giant
 17815 | D:15     | Demolished by a stone giant

Illustrated notes

Levels and vault maps discovered:
D:1:      noname_arrival_rooms_in_the_neighbourhood, layout_loops_cross,
          grunt_decor_junction, minmay_heptomino_d4
D:2:      layout_basic, minmay_misc_feat_pillars
D:3:      layout_rooms, mainiacjoe_overflow_alcove_4,
          nicolae_elyvilon_peaceful_grove,
          hellmonk_ecumenical_altar_leap_of_faith
D:4:      layout_loops_cross, minmay_temple_entry_proselytizer, uniq_robin,
          uniq_ijyb, uniq_edmund, uniq_eustachio
D:5:      layout_gridville, mainiacjoe_overflow_tiny_flanked, uniq_sigmund
D:6:      layout_loops_ring, serial_shops, shop
D:7:      layout_basic, kennysheep_small_spiral
D:8:      layout_loops_corners, nicolae_overflow_hidden_temple,
          jmf_multi_god_temple, mainiacjoe_overflow_cross_hatched,
          nicolae_overflow_two_pavilions
D:9:      layout_basic, demons_altar
D:10:     minmay_goldmine, layout_gridville
D:11:     layout_roguey, orc_david_3, uniq_urug
D:12:     layout_big_octagon
D:13:     layout_rooms, grunt_vaults_entry_tiered
D:14:     layout_basic, chequers_serial_rivers_micro_e, st_stairs_4,
          amcnicky_mini_rare_corridor_liquid, okawaru_metal_pillars_1_2,
          uniq_agnes
D:15:     grunt_enter_depths_giant_problem, layout_gridville,
          nicolae_water_bricks
Temple:   nicolae_temple_bog_church
Lair:1:   layout_small_grid, serial_bayou_shore_b
Lair:2:   wad_woods_structure_01, layout_chaotic_city, basic_altar
Orc:1:    cheibrodos_orc_arena, layout_diamond_mine, uniq_fannar
Orc:2:    grunt_orc_community_town_hall, layout_caves,
          grunt_orc_community_big_house_1, grunt_orc_community_big_house_1,
          grunt_orc_community_house_2, grunt_orc_community_house_2,
          grunt_orc_community_house_2, grunt_orc_community_house_3

Skill      XL: |  1  2  3  4  5  6  7  8  9 10 11 12 13 |
---------------+----------------------------------------+-----
Axes           | 2 3 4 5 7 8 9 10 11 | 11.7
Armour         | 3 4 5 6 7 8 9 |  9.1
Shields        | 3 4 5 6 |  6.2
Dodging        | 1 2 3 4 |  4.2
Fighting       | 4 5 6 7 8 9 |  9.3
Evocations     | 2 3 5 6 7 8 9 |  9.0
Stealth        | 1 3 4 6 7 8 |  8.1
Hexes          | 1 3 5 |  5.1
Spellcasting   | 1 3 4 |  4.7
Throwing       | 1 |  1.1
Maces & Flails | 1 |  1.2

Action                   |  1- 3 |  4- 6 |  7- 9 | 10-12 | 13-15 || total
-------------------------+-------+-------+-------+-------+-------++-------
Melee: War axe           |    89 |    86 |   296 |   706 |   291 ||  1468
       Kick              |       |     5 |    77 |   216 |   133 ||   431
       Flail             |       |       |       |    11 |     8 ||    19
       Broad axe         |       |       |       |       |    89 ||    89
Throw: Stone             |     2 |       |       |       |       ||     2
       Boomerang         |       |       |       |    10 |     9 ||    19
 Cast: Slow              |       |       |       |     1 |       ||     1
Invok: Lunge             |       |     1 |    31 |    39 |    35 ||   106
       Whirlwind         |       |       |    44 |   195 |    61 ||   300
       Serpent's Lash    |       |       |     1 |     2 |       ||     3
       Heavenly Storm    |       |       |       |       |     1 ||     1
 Abil: Wall Jump         |       |       |    20 |   113 |    46 ||   179
Evoke: Wand              |       |       |     4 |     5 |     8 ||    17
       Box of beasts     |       |       |       |     3 |     1 ||     4
  Use: Scroll            |       |    13 |    11 |     4 |     6 ||    34
       Potion            |       |     5 |       |     3 |     4 ||    12
 Stab: Sleeping          |       |       |       |     6 |     4 ||    10
Armor: Scale mail        |    41 |    12 |       |       |       ||    53
       Chain mail        |       |    25 |    36 |       |       ||    61
       Plate armour      |       |       |    91 |   186 |     3 ||   280
       Ring mail         |       |       |       |   157 |    90 ||   247
Dodge: Dodged            |    38 |    62 |   136 |   439 |   168 ||   843
Block: Buckler           |    17 |    20 |    61 |   118 |       ||   216
       Kite shield       |       |       |       |   106 |   161 ||   267

Table legend: (Time is in decaauts)
 A = Elapsed time spent in this place.
 B = Non-inter-level travel time spent in this place.
 C = Inter-level travel time spent in this place.
 D = Time resting spent in this place.
 E = Time spent auto-exploring this place.
 F = Levels seen in this place.
 G = Mean time per level.
                   A        B        C        D        E       F      G
               +--------+--------+--------+--------+--------+-----+--------+
         Total |  18266 |  17147 |   1119 |   1280 |   8637 |  20 |  913.3 |
       Dungeon |  14482 |  13427 |   1055 |    820 |   7754 |  15 |  965.5 |
        Temple |    348 |    348 |      0 |      0 |      0 |   1 |  348.0 |
          Lair |     63 |     62 |      1 |      0 |      0 |   2 |   31.5 |
  Orcish Mines |   3372 |   3310 |     62 |    460 |    883 |   2 | 1686.0 |
               +--------+--------+--------+--------+--------+-----+--------+

Top non-repeatable levels by time:
   Orc:1: 1698 daAuts
   Orc:2: 1674 daAuts
    D:14: 1538 daAuts
     D:8: 1420 daAuts
    D:11: 1308 daAuts
     D:9: 1268 daAuts
     D:2: 1190 daAuts
    D:10: 1104 daAuts
    D:13: 1087 daAuts
    D:12: 1054 daAuts
     D:6: 824 daAuts
     D:7: 772 daAuts
     D:1: 765 daAuts
     D:5: 744 daAuts
     D:4: 684 daAuts
